 Dungeon Crawl Stone Soup version 0.31-a0-846-gb3bcc0d938 (webtiles) character file.

Game seed: 10583183541462679911

339 CowFu the Ruffian (level 6, 0/48 HPs)
             Began as a Draconian Shapeshifter on Oct 3, 2023.
             Slain by Pikel
             ... wielding a +2 whip of flaming
              (3 damage)
             ... on level 4 of the Dungeon.
             The game lasted 00:03:45 (2630 turns).

CowFu the Ruffian (Draconian Shapeshifter)          Turns: 2630, Time: 00:03:46

Health: 0/48       AC:  6    Str: 18    XL:     6   Next: 29%
Magic:  6/6        EV: 12    Int: 11    God:
Gold:   154        SH:  0    Dex: 16    Spells: 5/5 levels left

rFire   . .          .
                       - Unarmed
rCold   . . .        (no shield)
rNeg    . . .        (body armour unavailable)
rPois   .            (helmet currently unavailable)
rElec   .            (cloak currently unavailable)
rCorr   .            (gloves currently unavailable)
SInv    .            (boots currently unavailable)
Will    .....        (no amulet)
Stlth   +            e - +6 ring of dexterity
HPRegen 1.08/turn    (no ring)
MPRegen 0.10/turn

%: no passive effects
@: beast-form
A: beast (slay +2), AC +6, unfitting armour, cold-blooded, regeneration 1
a: Begin Untransformation


You were on level 4 of the Dungeon.
You were a hulking beast.
You visited 1 branch of the dungeon, and saw 4 of its levels.

You collected 154 gold pieces.

Inventory:

Armour
 h - a scarf of invisibility
Jewellery
 e - a +6 ring of dexterity (left hand)
Talismans
 b - a beast talisman (active)
 c - a flux talisman
Wands
 d - a wand of flame (14)
Scrolls
 g - a scroll of teleportation {unknown}
 j - a scroll of enchant weapon {unknown}
 k - 2 scrolls of identify {unknown}
Potions
 a - a potion of lignification
 i - a potion of heal wounds {unknown}


   Skills:
 - Level 2.0 Fighting
 - Level 2.0 Dodging
 + Level 5.3 Unarmed Combat
 + Level 4.9 Shapeshifting


You had 5 spell levels left.
You didn't know any spells.
Your spell library contained the following spells:

 Spells                   Type           Power      Damage    Failure   Level
 Apportation              Tloc           0%         N/A       34%         1
 Necrotise                Necr           0%         1d4       34%         1
 Summon Small Mammal      Summ           0%         N/A       34%         1
 Sublimation of Blood     Necr           0%         N/A       47%         2
 Wereblood                Tmut           0%         N/A       47%         2
 Summon Hydra             Summ           0%         N/A       100%        7


Dungeon Overview and Level Annotations

Branches:
Dungeon (4/15)
 Temple: D:4-7

Altars:
Cheibriados

Annotations:
D:4 Pikel


Innate Abilities, Weirdness & Mutations

You are a hulking beast.
Your limbs bulge with bestial killing power. (Slay +2)
Your plain brown scales are hard. (AC +6)
You cannot fit into any form of body armour.
You are cold-blooded and may be slowed by cold attacks.
Your natural rate of healing is unusually fast.


Message History

A kobold comes into view. It is wielding a +0 short sword.
The kobold shouts!
You hit Pikel.
Pikel is moderately wounded.
Pikel hits you with a +2 whip of flaming!
Pikel burns you.
You barely miss Pikel.
Pikel is moderately wounded.
Pikel hits you with a +2 whip of flaming.
Pikel burns you.
You hit Pikel.
Your tail-slap misses Pikel.
Pikel is moderately wounded.
Pikel hits you with a +2 whip of flaming!
Pikel burns you.
You are too injured to fight recklessly!
You are too injured to fight recklessly!
You are too injured to fight recklessly!
You are too injured to fight recklessly!
You are too injured to fight recklessly!
You are too injured to fight recklessly!
You are too injured to fight recklessly!
You are too injured to fight recklessly!
You are too injured to fight recklessly!
You are too injured to fight recklessly!
You are too injured to fight recklessly!
You are too injured to fight recklessly!
You are too injured to fight recklessly!
You punch Pikel!
Pikel is heavily wounded.
Pikel hits you with a +2 whip of flaming.
* * * LOW HITPOINT WARNING * * *
Pikel burns you.
* * * LOW HITPOINT WARNING * * *
You barely miss Pikel.
Pikel is heavily wounded.
Pikel hits you with a +2 whip of flaming!
* * * LOW HITPOINT WARNING * * *
Pikel burns you.
You die...
Pikel says, "See you in Hell!"

# # . ..#### # .. #....#
### ... .....# #.. ....
#....# ##.# .....
#....#####..#
.....5######....#.....##
....g5Kh..).#.# #.......
....K######...###.......
... #.......[..... .
#....>........
#.............
#.............
#........#####
###.#'#### #.#.#


You could see Pikel, 2 lemures, a hobgoblin and a kobold.

Vanquished Creatures
  2 lemures (D:4)
  An ogre (D:3)
  2 orc priests (D:3)
  An orc wizard (D:4)
  Robin (D:2)
  4 adders (D:2)
  An ufetubus (D:3)
  3 dart slugs
  12 orcs
  7 ball pythons
  6 bats
  9 endoplasms
  5 giant cockroaches
  11 goblins
  14 hobgoblins
  6 jackals
  3 quokkas
  3 frilled lizards
  7 kobolds
  2 rats
100 creatures vanquished.

Notes
Turn   | Place    | Note
-------+----------+-------------------------------------------
     0 | D:1      | CowFu the Draconian Shapeshifter began the quest for the
                  | Orb.
     0 | D:1      | Reached XP level 1. HP: 16/16 MP: 1/1
   144 | D:1      | Reached XP level 2. HP: 23/23 MP: 2/2
   377 | D:1      | Found a faded altar of an unknown god.
   699 | D:2      | Reached XP level 3. HP: 28/28 MP: 3/3
   758 | D:2      | Reached skill level 4 in Unarmed Combat
   837 | D:2      | Reached XP level 4. HP: 32/35 MP: 4/4
   949 | D:2      | Noticed Robin
  1138 | D:1      | Gained mutation: Your natural rate of healing is unusually
                  | fast. [potion of mutation]
  1184 | D:2      | Killed Robin
  1406 | D:3      | Reached XP level 5. HP: 11/40 MP: 5/5
  1836 | D:3      | Noticed an ogre
  1840 | D:3      | Killed an ogre
  1841 | D:3      | Reached skill level 5 in Unarmed Combat
  1841 | D:3      | Reached XP level 6. HP: 48/48 MP: 6/6
  1858 | D:3      | Found a snail-covered altar of Cheibriados.
  2528 | D:4      | Identified the +4 ring mail of the Sturgeon {rCorr}
  2610 | D:4      | Noticed Pikel
  2630 | D:4      | Slain by Pikel

Illustrated notes

Levels and vault maps discovered:
D:1:      ncdulo_watergridlock, layout_basic, nicolae_ecumenical_snake_handling
D:2:      layout_rooms, minmay_heptomino_h4, uniq_robin
D:3:      layout_basic, kennysheep_slug_shrine
D:4:      layout_basic, lemuel_round_altar, minmay_temple_entry_gardened_gates,
          hellmonk_ghost_happy_afterlife, minmay_misc_feat_iff, minivault_23,
          uniq_pikel, uniq_edmund

Skill      XL: |  1  2  3  4  5  6 |
---------------+-------------------+-----
Unarmed Combat | 4 5 |  5.3
Shapeshifting  | 4 |  4.9
Dodging        | 2 |  2.0
Fighting       | 2 |  2.0

Action                     |  1- 3 |  4- 6 || total
---------------------------+-------+-------++-------
  Melee: Unarmed           |    78 |   178 ||   256
         Tailslap          |     8 |    28 ||    36
         Punch             |     1 |     5 ||     6
    Use: Potion            |       |     3 ||     3
   Stab: Sleeping          |     2 |     3 ||     5
 Armour: Skin              |    50 |   123 ||   173
  Dodge: Dodged            |    36 |   117 ||   153

Table legend: (Time is in decaauts)
 A = Elapsed time spent in this place.
 B = Non-inter-level travel time spent in this place.
 C = Inter-level travel time spent in this place.
 D = Time resting spent in this place.
 E = Time spent auto-exploring this place.
 F = Levels seen in this place.
 G = Mean time per level.
                   A        B        C        D        E       F      G
               +--------+--------+--------+--------+--------+-----+--------+
         Total |   2614 |   2515 |     99 |      0 |   1969 |   4 |  653.5 |
       Dungeon |   2614 |   2515 |     99 |      0 |   1969 |   4 |  653.5 |
               +--------+--------+--------+--------+--------+-----+--------+

Top non-repeatable levels by time:
     D:1: 900 daAuts
     D:3: 883 daAuts
     D:2: 475 daAuts
     D:4: 355 daAuts
